 Dungeon Crawl Stone Soup version 0.28.0-49-g6dfe1f597d (webtiles) character file.

Game seed: 546842270742294636

93 issech the Cudgeller (level 4, -4/45 HPs)
             Began as a Troll Monk on May 11, 2022.
             Splashed by a jelly's acid (5 damage)
             ... on level 3 of the Dungeon.
             The game lasted 00:04:56 (1772 turns).

issech the Cudgeller (Troll Monk)                   Turns: 1772, Time: 00:04:57

Health: -4/45      AC: -8    Str: 19    XL:     4   Next: 37%
Magic:  3/3        EV: 10    Int:  6    God:
Gold:   116        SH:  0    Dex: 14    Spells: 3/3 levels left

rFire   . . .      SeeInvis .   a - +0 mace
rCold   . . .      Faith    .   (no shield)
rNeg    . . .      Spirit   .   b - +0 robe
rPois   .          Reflect  .   (helmet restricted)
rElec   .          Harm     .   (no cloak)
rCorr   .          Rampage  .   (gloves unavailable)
Will    .....                   (boots unavailable)
Stlth   ++........              (no amulet)
HPRegen 0.95/turn               (no ring)
MPRegen 0.08/turn               (no ring)

@: corroded
A: large, unfitting armour, claws 3, regeneration 1, shaggy fur 1, tough skin 1
a: no special abilities


You were on level 3 of the Dungeon.
You visited 1 branch of the dungeon, and saw 3 of its levels.

You collected 116 gold pieces.

Inventory:

Hand Weapons
 a - a +0 mace (weapon)
Missiles
 c - 57 stones (quivered)
 d - 9 poisoned darts
Armour
 b - a +0 robe (worn)
Scrolls
 e - 3 scrolls of identify {unknown}
 f - a scroll of holy word {unknown}
Potions
 g - a potion of mutation {unknown}
 h - a potion of magic {unknown}


   Skills:
 + Level 3.1 Fighting
 + Level 3.6 Maces & Flails
 + Level 2.8 Dodging
 + Level 1.2 Stealth


You had 3 spell levels left.
You didn't know any spells.
Your spell library was empty.

Dungeon Overview and Level Annotations

Branches:
Dungeon (3/15)

Altars:

Shops:
D:1 =

Annotations:
D:2 1 runed translucent door, Crazy Yiuf


Innate Abilities, Weirdness & Mutations

You are too large for most types of armour.
You have claws for hands.
Your natural rate of healing is unusually fast.
You are covered in fur. (AC +1)
You have tough skin. (AC +1)


Message History

A bat comes into view.
The bat moves out of view.
A jelly comes into view.
The bat hits you but does no damage.
You throw a stone. The stone barely misses the bat.
The jelly quivers.
The bat hits you but does no damage.
You throw a stone. The stone hits the bat.
The bat is heavily wounded.
The bat hits you but does no damage.
You sock the jelly!
Your claws burn!
The jelly is heavily wounded.
The bat hits you but does no damage. The bat closely misses you.
The jelly misses you.
You hit the jelly.
Your claws burn!
The jelly is severely wounded.
The bat barely misses you. The jelly hits you. The acid corrodes you!
You are splashed with acid.
You hit the jelly.
Your claws burn!
The jelly is almost dead.
The bat barely misses you. The jelly barely misses you. The bat hits you.
The jelly hits you. The acid corrodes you!
You are splashed with acid.
You barely miss the jelly.
The jelly is almost dead.
The bat barely misses you. The jelly hits you.
You are splashed with acid!
You hit the jelly but do no damage. The acid corrodes you!
Your claws burn!
The jelly is almost dead.
The bat barely misses you. The jelly closely misses you.
Unknown command.
You hit the jelly but do no damage.
Your claws burn!
* * * LOW HITPOINT WARNING * * *
The jelly is almost dead.
The bat hits you.
* * * LOW HITPOINT WARNING * * *
The jelly hits you.
* * * LOW HITPOINT WARNING * * *
You are splashed with acid!
* * * LOW HITPOINT WARNING * * *
You hit the jelly but do no damage.
Your claws burn!
You die...

######## #......#
#......# #### #......# #
..# #..#.### ##.# #.#
##..[.####
.....##.#######.........
......bJ................
(......@................
.......##..###..........
....... ##.##.....<.....
....... #.#.)##########
....... #.#.##
.......###.#.#
......##.....###
.........#.....## ..#
#..##..######


You could see a jelly and a bat.

Vanquished Creatures
  A bullfrog zombie (D:3)
  A worm (D:2)
  A dart slug (D:1)
  5 ball pythons
  3 bats (D:1)
  7 endoplasms
  A giant cockroach (D:1)
  A hobgoblin (D:3)
  5 jackals (D:3)
  2 quokkas (D:1)
  2 frilled lizards (D:2)
  7 goblins
  8 kobolds
  2 rats (D:1)
46 creatures vanquished.

Vanquished Creatures (others)
  A fungus (D:2)
1 creature vanquished.

Grand Total: 47 creatures vanquished

Notes
Turn   | Place    | Note
-------+----------+-------------------------------------------
     0 | D:1      | issech the Troll Monk began the quest for the Orb.
     0 | D:1      | Reached XP level 1. HP: 22/22 MP: 0/0
   117 | D:1      | Reached XP level 2. HP: 27/29 MP: 1/1
   256 | D:1      | Found Metziqut's One-of-a-Kind Rings.
   567 | D:2      | Reached XP level 3. HP: 35/36 MP: 2/2
  1150 | D:2      | Found a runed translucent door.
  1151 | D:2      | Noticed Crazy Yiuf
  1616 | D:3      | Reached XP level 4. HP: 36/45 MP: 3/3
  1771 | D:3      | HP: 1/45 [acid (8)]
  1772 | D:3      | Splashed by a jelly's acid

Illustrated notes

Levels and vault maps discovered:
D:1:      roderic_chinese_lattice_arrival, layout_rooms, serial_rivers,
          chequers_serial_rivers_micro_a, chequers_serial_rivers_small_a,
          chequers_serial_rivers_small_b, chequers_serial_rivers_micro_c,
          chequers_serial_rivers_micro_a, chequers_serial_rivers_micro_d,
          minmay_misc_feat_secret_circle, st_stairs_4, nicolae_shop_unique_rings
D:2:      layout_loops_ring, hangedman_decor_growths, minmay_hedge_maze,
          uniq_crazy_yiuf_cottage
D:3:      layout_rooms, ebering_ecumenical_altar_hall, minmay_door_square,
          kennysheep_generic_room_6, uniq_robin

Skill      XL: |  1  2  3 |
---------------+----------+-----
Maces & Flails | 3 |  3.6
Fighting       | 3 |  3.1
Dodging        | |  2.8
Stealth        | |  1.2

Action                   |  1- 3 |  4- 6 || total
-------------------------+-------+-------++-------
Melee: Mace              |   124 |    18 ||   142
Throw: Stone             |     5 |    11 ||    16
Armor: Robe              |    53 |     7 ||    60
Dodge: Dodged            |    71 |    13 ||    84
